 Dungeon Crawl Stone Soup version 0.29.0-4-gdea44cf6ec (webtiles) character file.

Game seed: 16629467295936629003

51 qw the Chopper (level 3, -1/21 HPs)
             Began as a Tengu Warper on Aug 28, 2022.
             Slain by a gnoll
             ... wielding a +0 halberd
              (14 damage)
             ... on level 2 of the Dungeon.
             The game lasted 00:00:08 (1635 turns).

qw the Chopper (Tengu Warper)                       Turns: 1635, Time: 00:00:08

Health: -1/21      AC:  5    Str: 13    XL:     3   Next: 81%
Magic:  7/7        EV: 11    Int: 13    God:
Gold:   23         SH:  0    Dex: 13    Spells: 6/6 levels left

rFire   + . .      SeeInvis .   Y - +1 hand axe
rCold   . . .      Faith    .   (no shield)
rNeg    . . .      Spirit   .   j - +0 ring mail
rPois   .          Reflect  .   (helmet restricted)
rElec   .          Harm     .   (no cloak)
rCorr   .          Rampage  .   (no gloves)
Will    .....                   (boots unavailable)
Stlth   +.........              (no amulet)
HPRegen 0.07/turn               m - ring of protection from fire
MPRegen 0.10/turn               (no ring)

@: no status effects
A: beak, talons 3
a: no special abilities


You were on level 2 of the Dungeon.
You visited 1 branch of the dungeon, and saw 2 of its levels.

You collected 23 gold pieces.


Innate Abilities, Weirdness & Mutations

You have a beak for a mouth.
You have claws for feet.


   Skills:
 - Level 2.0 Fighting
 + Level 4.4 Axes
 - Level 1.0 Throwing
 - Level 1.1 Armour
 - Level 2.1 Dodging
 - Level 2.0 Spellcasting
 - Level 2.4 Translocations


You had 6 spell levels left.
You didn't know any spells.
Your spell library contained the following spells:

 Spells                   Type           Power      Damage    Failure   Level
 Blink                    Tloc           14%        N/A       30%         2
 Gell's Gravitas          Tloc           7%         N/A       52%         3
 Lesser Beckoning         Tloc           7%         N/A       52%         3
 Teleport Other           Tloc           7%         N/A       52%         3
 Manifold Assault         Tloc           7%         N/A       99%         5

Inventory:

Hand Weapons
 f - a +0 club
 Y - a +1 hand axe (weapon)
Missiles
 b - a boomerang (quivered)
Armour
 j - a +0 ring mail (worn)
Jewellery
 m - a ring of protection from fire (left hand)
Scrolls
 a - a scroll of identify
 d - a scroll of summoning {unknown}
 g - 4 scrolls of teleportation
Potions
 c - a potion of heal wounds {unknown}
 e - a potion of curing {unknown}
 h - a potion of might {unknown}
 i - a potion of haste {unknown}
 k - a potion of brilliance {unknown}
 l - a potion of ambrosia {unknown}

Dungeon Overview and Level Annotations

Branches:
Dungeon (2/15)

Altars:

Shops:
D:1 (


Message History

A hobgoblin comes into view.
The hobgoblin moves out of view.
1627 ||| FLEEEEING.
A giant cockroach and a goblin come into view.
The goblin shouts!
An adder comes into view.
The adder hisses angrily.
You hit the hobgoblin but do no damage. The hobgoblin barely misses you.
You barely miss the hobgoblin.
You claw the hobgoblin, but do no damage.
The hobgoblin closely misses you.
You hit the hobgoblin.
The hobgoblin is moderately wounded.
You hit the giant cockroach. The hobgoblin closely misses you.
The giant cockroach bites you.
You hit the giant cockroach.
You kill the giant cockroach!
You hit the hobgoblin.
The hobgoblin hits you but does no damage.
The gnoll barely misses you.
You barely miss the hobgoblin. Your peck misses the hobgoblin.
The hobgoblin is almost dead.
The hobgoblin barely misses you. The gnoll barely misses you.
You hit the hobgoblin.
You kill the hobgoblin!
The gnoll misses you.
You barely miss the adder. You claw the adder.
The adder is lightly wounded.
You barely miss the goblin. The adder closely misses you. The gnoll misses you.
The goblin hits you but does no damage.
You hit the adder. Your kick misses the adder. You peck the adder.
The adder is severely wounded.
You hit the goblin.
You kill the goblin!
The adder misses you.
The gnoll hits you from afar with a +0 halberd!
Ouch! That really hurt!
You die...

######################
.....................#
####################)#.####
#.........).......
#.#####.g######'.. #
#######.####@)## #
#<..#.......S#.#
###.###.#.#.....#..#
................#..#
...######.#.....#..# #
#.#.###.#..# #.#.%...#.#.
#.####..##... ..# #..######


You could see a gnoll and an adder.

Vanquished Creatures
  A gnoll (D:2)
  A worm (D:2)
  3 dart slugs
  3 endoplasms
  A giant cockroach (D:2)
  4 goblins
  2 hobgoblins
  2 quokkas (D:1)
  3 ball pythons
  2 bats
  2 frilled lizards (D:1)
  4 kobolds
  8 rats
36 creatures vanquished.

Notes
Turn   | Place    | Note
-------+----------+-------------------------------------------
     0 | D:1      | qw the Tengu Warper began the quest for the Orb.
     0 | D:1      | Reached XP level 1. HP: 12/12 MP: 4/4
     0 | D:1      | 0 ||| qw: Version: 0.1-a-89-g26bdef1
     0 | D:1      | 0 ||| qw: Game counter: 77
     0 | D:1      | 0 ||| qw: Always use a shield: true
     0 | D:1      | 0 ||| qw: God list: Okawaru
     0 | D:1      | 0 ||| qw: Allow faded altars: false
     0 | D:1      | 0 ||| qw: Do Orc after D:15 true
     0 | D:1      | 0 ||| qw: Do second Lair branch before Depths: true
     0 | D:1      | 0 ||| qw: Lair rune preference: random
     0 | D:1      | 0 ||| qw: Plans: Normal
     0 | D:1      | 0 ||| PLANNING D:1-11
    51 | D:1      | Found Mackuich's Weapon Shop.
    61 | D:1      | 61 ||| SHOPLISTING +1 mace of holy wrath (136 gold, have
                  | 0).
   254 | D:1      | 254 ||| Stepping ~*~*~tactically~*~*~ (hiding).
   255 | D:1      | 255 ||| Stepping ~*~*~tactically~*~*~ (hiding).
   266 | D:1      | Reached skill level 3 in Axes
   266 | D:1      | Reached XP level 2. HP: 17/17 MP: 6/6
   552 | D:1      | 552 ||| Stepping ~*~*~tactically~*~*~ (stealth).
   809 | D:1      | 809 ||| Stepping ~*~*~tactically~*~*~ (stealth).
   810 | D:1      | 810 ||| Stepping ~*~*~tactically~*~*~ (stealth).
  1061 | D:1      | Found a faded altar of an unknown god.
  1166 | D:1      | 1166 ||| UPGRADING to +0 ring mail.
  1176 | D:1      | 1176 ||| DROPPING +0 leather armour.
  1177 | D:1      | 1177 ||| DROPPING ring of flight.
  1178 | D:1      | 1178 ||| UPGRADING to ring of protection from fire.
  1179 | D:1      | 1179 ||| READING 2 scrolls labelled WOUSEUR AMITOWK.
  1180 | D:1      | 1180 ||| READING 4 scrolls labelled ZUCWIR LIO.
  1185 | D:1      | 1185 ||| READING scroll labelled YSHAOLA GONILO.
  1186 | D:1      | 1186 ||| READING scroll labelled ENEPSOENT.
  1187 | D:1      | 1187 ||| READING scroll labelled XUAFUU DEAHOMACVU.
  1188 | D:1      | 1188 ||| DROPPING scroll of blinking.
  1271 | D:2      | Reached XP level 3. HP: 17/21 MP: 7/7
  1419 | D:2      | Reached skill level 4 in Axes
  1444 | D:2      | 1444 ||| Stepping ~*~*~tactically~*~*~ (stealth).
  1445 | D:2      | 1445 ||| Stepping ~*~*~tactically~*~*~ (stealth).
  1453 | D:2      | 1453 ||| Stepping ~*~*~tactically~*~*~ (stealth).
  1454 | D:2      | 1454 ||| Stepping ~*~*~tactically~*~*~ (stealth).
  1591 | D:2      | 1591 ||| Stepping ~*~*~tactically~*~*~ (stealth).
  1594 | D:2      | 1594 ||| Stepping ~*~*~tactically~*~*~ (hiding).
  1624 | D:2      | 1624 ||| FLEEEEING.
  1625 | D:2      | 1625 ||| FLEEEEING.
  1626 | D:2      | 1626 ||| FLEEEEING.
  1627 | D:2      | 1627 ||| FLEEEEING.
  1635 | D:2      | Slain by a gnoll

Levels and vault maps discovered:
D:1:      dpeg_arrival_arbitrary_c, layout_loops_corners, serial_shops, shop,
          chequers_ecumenical_altar_lobes
D:2:      layout_basic, amcnicky_mini_corridor_feature, minmay_3d_cube

Skill      XL: |  1  2  3 |
---------------+----------+-----
Axes           | 3 4 |  4.4
Fighting       | |  2.0
Throwing       | |  1.0
Armour         | |  1.1
Dodging        | |  2.1
Spellcasting   | |  2.0
Translocations | |  2.4

Action                   || total
-------------------------++-------
Melee: Hand axe          ||    68
       Kick              ||    16
       Peck              ||     9
Throw: Boomerang         ||    19
  Use: Scroll            ||     5
Armor: Leather armour    ||     5
       Ring mail         ||    12
Dodge: Dodged            ||    33

Table legend:
 A = Non-vault XP
 B = Vault XP
 C = Vault XP percentage of total XP
 D = Non-vault monster count
 E = Vault monster count
 F = Vault count percentage of total count
                 A         B        C        D         E       F
            +---------+---------+-------+---------+---------+-------
      Total |      69 |       6 |   8.0 |      33 |       3 |   8.3
            +---------+---------+-------+---------+---------+-------
        D:1 |      32 |       0 |   0.0 |      19 |       0 |   0.0
        D:2 |      37 |       6 |  14.0 |      14 |       3 |  17.6
            +---------+---------+-------+---------+---------+-------
